 Dungeon Crawl Stone Soup version 0.31-a0-4-gefa6de2278 (webtiles) character file.

Game seed: 10943416520138829259

91 retardedninja the Firebug (level 4, -3/32 HPs)
             Began as a Gnoll Fire Elementalist on May 4, 2023.
             Slain by Edmund
             ... wielding a +2 flail of protection
              (12 damage)
             ... on level 4 of the Dungeon.
             The game lasted 00:03:28 (3533 turns).

retardedninja the Firebug (Gnoll Fire Elementalist) Turns: 3533, Time: 00:03:28

Health: -3/32      AC:  4    Str:  7    XL:     4   Next: 59%
Magic:  3/11       EV: 13    Int: 16    God:
Gold:   176        SH:  0    Dex: 13    Spells: 10/13 levels left

rFire   . . .        p - +2 morningstar (holy)
rCold   . . .        (no shield)
rNeg    . . .        a - +0 robe
rPois   .            (no helmet)
rElec   .            f - +1 cloak
rCorr   .            (no gloves)
SInv    .            (no boots)
Will    .....        (no amulet)
Stlth   +++          (no ring)
HPRegen 0.25/turn    (no ring)
MPRegen 0.12/turn

%: no passive effects
@: no status effects
A: fangs 1, strong nose, distributed training
a: no special abilities


You were on level 4 of the Dungeon.
You visited 1 branch of the dungeon, and saw 4 of its levels.

You collected 176 gold pieces.

Inventory:

Hand Weapons
 p - a +2 morningstar of holy wrath (weapon)
Armour
 a - a +0 robe (worn)
 f - a +1 cloak (worn)
Scrolls
 g - a scroll of vulnerability {unknown}
 h - 2 scrolls of magic mapping {unknown}
 i - a scroll of teleportation {unknown}
 k - a scroll of identify {unknown}
 l - a scroll of fear {unknown}
 m - a scroll of acquirement {unknown}
 o - 4 scrolls of noise {unknown}
 r - a scroll of blinking {unknown}
 s - a scroll of poison {unknown}
Potions
 c - a potion of might {unknown}
 d - a potion of degeneration {unknown}
 e - 2 potions of flight {unknown}
 n - 2 potions of invisibility {unknown}
 q - a potion of ambrosia {unknown}
 t - a potion of attraction {unknown}


   Skills:
 + Level 1.2 Fighting
 + Level 1.2 Short Blades
 + Level 1.2 Long Blades
 + Level 1.2 Axes
 + Level 1.2 Maces & Flails
 + Level 1.2 Polearms
 + Level 1.2 Staves
 + Level 1.2 Ranged Weapons
 + Level 1.2 Throwing
 + Level 1.2 Armour
 + Level 4.7 Dodging
 + Level 4.3 Stealth
 + Level 1.2 Shields
 + Level 1.2 Unarmed Combat
 + Level 5.1 Spellcasting
 + Level 2.3 Conjurations
 + Level 1.0 Hexes
 + Level 1.0 Summonings
 + Level 1.0 Necromancy
 + Level 1.0 Translocations
 + Level 1.0 Transmutations
 + Level 5.5 Fire Magic
 + Level 1.0 Ice Magic
 + Level 1.0 Air Magic
 + Level 1.0 Earth Magic
 + Level 1.0 Poison Magic
 + Level 1.3 Invocations
 + Level 1.2 Evocations


You had 10 spell levels left.
You knew the following spells:

 Your Spells              Type           Power      Damage    Failure   Level
a - Foxfire               Conj/Fire      64%        2x1d7     3%          1
b - Scorch                Fire           42%        2d6       2%          2

Your spell library contained the following spells:

 Spells                   Type           Power      Damage    Failure   Level
 Shock                    Conj/Air       36%        1d5       8%          1
 Freeze                   Ice            28%        1d5       10%         1
 Inner Flame              Hex/Fire       14%        N/A       12%         3
 Volatile Blastmotes      Fire/Tloc      28%        2d12      12%         3
 Hailstorm                Conj/Ice       9%         3d4       22%         3
 Frozen Ramparts          Ice            14%        1d3       30%         3
 Swiftness                Air            7%         N/A       30%         3
 Flame Wave               Conj/Fire      16%        2d7       30%         4
 Airstrike                Air            3%         2d(1-17)  69%         4


Dungeon Overview and Level Annotations

Branches:
Dungeon (4/15)
 Temple: D:4-7

Altars:

Annotations:
D:4 Edmund


Innate Abilities, Weirdness & Mutations

You have very sharp teeth.
Your uncanny sense of smell can sniff out nearby items.
Your experience applies equally to all skills.


Message History

The ball python bites you but does no damage.
The ball python barely misses you.
You closely miss the ball python. Your punch misses the ball python.
The ball python closely misses you. The ball python barely misses you. x3
You hit the ball python.
The ball python is heavily wounded.
The ball python misses you. The ball python barely misses you.
The ball python misses you. The ball python barely misses you.
You barely miss the ball python.
The ball python is heavily wounded.
The ball python bites you but does no damage.
The ball python closely misses you.
You closely miss the ball python.
The ball python is heavily wounded.
The ball python closely misses you. The ball python grabs you.
The ball python constricts you. The ball python misses you.
The ball python constricts you.
* * * LOW HITPOINT WARNING * * *
You closely miss the ball python.
The ball python is heavily wounded.
The ball python barely misses you. The ball python constricts you.
The ball python barely misses you. The ball python constricts you.
* * * LOW HITPOINT WARNING * * *
The ball python's grasp on you weakens, but your attempt to escape fails.
The ball python bites you but does no damage.
The ball python constricts you.
Casting: Scorch (safe; 2% risk of failure)
Confirm with . or Enter, or press ? or * to list all spells.
Flames lash the ball python.
You kill the ball python!
Unknown command.
Casting: Scorch (safe; 2% risk of failure)
Confirm with . or Enter, or press ? or * to list all spells.
You don't know that spell.
Unknown command.
Casting: Scorch (safe; 2% risk of failure)
Confirm with . or Enter, or press ? or * to list all spells.
Flames lash Edmund but do no damage.
Edmund hits you with a +2 flail of protection!
You die...

..... #...# #...#
#...# # #...# #
#.#...#.# ∆
#>.....!# ###@###
####..@..# ###
#....###.######.##
#####^##.
#....##...##
..##.##
#....#.....##
#.##.#
.....###..<....##
#.####<##<#
##..............#
#....)....#
#.#####.......##
#.##.#.#### #.
##.....## #.##.#.#
#. #.......#


You could see Edmund (combustible).

Vanquished Creatures
  3 adders
  2 worms (D:2)
  3 dart slugs
  An orc (D:3)
  5 bats
  2 endoplasms
  A giant cockroach (D:2)
  13 goblins
  2 hobgoblins
  8 kobolds
  2 quokkas
  5 ball pythons
  3 frilled lizards
  2 rats (D:3)
52 creatures vanquished.

Vanquished Creatures (others)
  215 foxfires
215 creatures vanquished.

Grand Total: 267 creatures vanquished

Notes
Turn   | Place    | Note
-------+----------+-------------------------------------------
     0 | D:1      | retardedninja the Gnoll Fire Elementalist began the quest
                  | for the Orb.
     0 | D:1      | Reached XP level 1. HP: 13/13 MP: 6/6
   124 | D:1      | Found a faded altar of an unknown god.
   170 | D:1      | You fall into a shaft and drop 1 floor!
   462 | D:2      | Reached XP level 2. HP: 18/19 MP: 4/7
   844 | D:1      | Learned a level 2 spell: Scorch
   857 | D:1      | Reached skill level 5 in Spellcasting
   857 | D:1      | Reached XP level 3. HP: 25/25 MP: 1/9
  1691 | D:2      | Reached skill level 1 in Invocations
  2122 | D:2      | Reached skill level 1 in Fighting
  2122 | D:2      | Reached skill level 1 in Short Blades
  2122 | D:2      | Reached skill level 1 in Long Blades
  2122 | D:2      | Reached skill level 1 in Axes
  2122 | D:2      | Reached skill level 1 in Maces & Flails
  2122 | D:2      | Reached skill level 1 in Polearms
  2122 | D:2      | Reached skill level 1 in Staves
  2122 | D:2      | Reached skill level 1 in Ranged Weapons
  2122 | D:2      | Reached skill level 1 in Throwing
  2122 | D:2      | Reached skill level 1 in Armour
  2122 | D:2      | Reached skill level 1 in Shields
  2122 | D:2      | Reached skill level 1 in Unarmed Combat
  2122 | D:2      | Reached skill level 1 in Evocations
  2191 | D:2      | Reached XP level 4. HP: 32/32 MP: 6/11
  2649 | D:3      | Reached skill level 1 in Hexes
  2649 | D:3      | Reached skill level 1 in Summonings
  2649 | D:3      | Reached skill level 1 in Necromancy
  2649 | D:3      | Reached skill level 1 in Translocations
  2649 | D:3      | Reached skill level 1 in Transmutations
  2649 | D:3      | Reached skill level 1 in Ice Magic
  2649 | D:3      | Reached skill level 1 in Air Magic
  2649 | D:3      | Reached skill level 1 in Earth Magic
  2649 | D:3      | Reached skill level 1 in Poison Magic
  3512 | D:4      | Noticed Edmund
  3533 | D:4      | Slain by Edmund

Illustrated notes

Levels and vault maps discovered:
D:1:      reono_arrival_mine, layout_basic,
          hellmonk_ecumenical_altar_leap_of_faith, hangedman_decor_opposing
D:2:      kennysheep_the_goblin_king, layout_loops_ring, minmay_curled_crystal,
          dk_vineyard_2
D:3:      layout_loops_cross
D:4:      layout_loops_cross, mainiacjoe_overflow_six_doors_small,
          amcnicky_altar_gilded, uniq_edmund

Skill      XL: |  1  2  3  4 |
---------------+-------------+-----
Conjurations   | 2 |  2.3
Spellcasting   | 5 |  5.1
Invocations    | 1 |  1.3
Fighting       | 1 |  1.2
Short Blades   | 1 |  1.2
Long Blades    | 1 |  1.2
Axes           | 1 |  1.2
Maces & Flails | 1 |  1.2
Polearms       | 1 |  1.2
Staves         | 1 |  1.2
Ranged Weapons | 1 |  1.2
Throwing       | 1 |  1.2
Armour         | 1 |  1.2
Shields        | 1 |  1.2
Unarmed Combat | 1 |  1.2
Evocations     | 1 |  1.2
Hexes          | 1 |  1.0
Summonings     | 1 |  1.0
Necromancy     | 1 |  1.0
Translocations | 1 |  1.0
Transmutations | 1 |  1.0
Ice Magic      | 1 |  1.0
Air Magic      | 1 |  1.0
Earth Magic    | 1 |  1.0
Poison Magic   | 1 |  1.0
Dodging        | |  4.7
Stealth        | |  4.3
Fire Magic     | |  5.5

Action                     |  1- 3 |  4- 6 || total
---------------------------+-------+-------++-------
  Melee: Morningstar       |       |     6 ||     6
   Cast: Foxfire           |    88 |    48 ||   136
         Scorch            |     2 |    10 ||    12
    Use: Potion            |       |     3 ||     3
 Armour: Robe              |     5 |     3 ||     8
  Dodge: Dodged            |    18 |    26 ||    44

Table legend: (Time is in decaauts)
 A = Elapsed time spent in this place.
 B = Non-inter-level travel time spent in this place.
 C = Inter-level travel time spent in this place.
 D = Time resting spent in this place.
 E = Time spent auto-exploring this place.
 F = Levels seen in this place.
 G = Mean time per level.
                   A        B        C        D        E       F      G
               +--------+--------+--------+--------+--------+-----+--------+
         Total |   3534 |   3424 |    110 |      0 |   2967 |   4 |  883.5 |
       Dungeon |   3534 |   3424 |    110 |      0 |   2967 |   4 |  883.5 |
               +--------+--------+--------+--------+--------+-----+--------+

Top non-repeatable levels by time:
     D:2: 1347 daAuts
     D:1: 1066 daAuts
     D:3: 1012 daAuts
     D:4: 107 daAuts
